 Dungeon Crawl Stone Soup version 0.29.0-4-gdea44cf6ec (webtiles) character file.

Game seed: 16327332472840789306

92 Godmorgon the Prestidigitator (level 4, 0/34 HPs)
             Began as a Gnoll Wanderer on Aug 27, 2022.
             Slain by an orc
             ... wielding a +0 club
              (3 damage)
             ... on level 3 of the Dungeon.
             The game lasted 00:06:34 (2721 turns).

Godmorgon the Prestidigitator (Gnoll Wanderer)      Turns: 2721, Time: 00:06:35

Health: 0/34       AC:  3    Str: 11    XL:     4   Next: 60%
Magic:  5/5        EV: 12    Int: 10    God:
Gold:   101        SH:  0    Dex: 15    Spells: 5/5 levels left

rFire   . . .      SeeInvis .   a - +0 mace
rCold   . . .      Faith    .   (no shield)
rNeg    . . .      Spirit   .   e - +0 robe
rPois   .          Reflect  .   c - +0 helmet
rElec   .          Harm     .   (no cloak)
rCorr   .          Rampage  .   (no gloves)
Will    .....                   (no boots)
Stlth   ++........              (no amulet)
HPRegen 0.11/turn               (no ring)
MPRegen 0.09/turn               (no ring)

@: no status effects
A: fangs 1, strong nose, distributed training
a: no special abilities


You were on level 3 of the Dungeon.
You visited 1 branch of the dungeon, and saw 3 of its levels.

You collected 101 gold pieces.

Inventory:

Hand Weapons
 a - a +0 mace (weapon)
Missiles
 i - 5 boomerangs
 k - 10 stones
Armour
 c - a +0 helmet (worn)
 e - a +0 robe (worn)
Wands
 b - a wand of paralysis (10) (quivered)
Scrolls
 f - a scroll of teleportation {unknown}
 g - 5 scrolls of identify {unknown}
 h - a scroll of fear {unknown}
 j - a scroll of enchant armour {unknown}
 n - a scroll of poison {unknown}
 q - a scroll of blinking {unknown}
 r - a scroll of enchant weapon {unknown}
Potions
 d - a potion of invisibility
 l - a potion of curing
 m - a potion of attraction {unknown}
 o - a potion of ambrosia {unknown}
 p - a potion of mutation {unknown}


   Skills:
 + Level 2.8 Fighting
 + Level 1.2 Short Blades
 + Level 1.2 Long Blades
 + Level 1.2 Axes
 + Level 4.7 Maces & Flails
 + Level 1.2 Polearms
 + Level 1.2 Staves
 + Level 1.2 Ranged Weapons
 + Level 2.8 Throwing
 + Level 2.8 Armour
 + Level 1.2 Dodging
 + Level 2.6 Stealth
 + Level 1.2 Shields
 + Level 1.2 Unarmed Combat
 + Level 1.2 Spellcasting
 + Level 1.0 Conjurations
 + Level 1.0 Hexes
 + Level 1.0 Summonings
 + Level 1.0 Necromancy
 + Level 1.0 Translocations
 + Level 1.0 Transmutations
 + Level 1.0 Fire Magic
 + Level 1.0 Ice Magic
 + Level 1.0 Air Magic
 + Level 1.0 Earth Magic
 + Level 1.0 Poison Magic
 + Level 1.3 Invocations
 + Level 8.6 Evocations


You had 5 spell levels left.
You didn't know any spells.
Your spell library contained the following spells:

 Spells                   Type           Power      Damage    Failure   Level
 Static Discharge         Conj/Air       2%         3-4/arc   32%         2
 Tukima's Dance           Hex            2%         N/A       54%         3
 Dispel Undead            Necr           2%         3d7       91%         4
 Passage of Golubria      Tloc           2%         N/A       91%         4
 Sticky Flame             Conj/Fire      2%         2d3       91%         4
 Yara's Violent Unravell  Hex/Tmut       1%         3d3       99%         5


Dungeon Overview and Level Annotations

Branches:
Dungeon (3/15)

Altars:


Innate Abilities, Weirdness & Mutations

You have very sharp teeth.
Your uncanny sense of smell can sniff out nearby items.
Your experience applies equally to all skills.


Message History

The orc is severely wounded.
The orc misses you. The orc hits you but does no damage.
You barely miss the orc.
The orc is severely wounded.
An orc comes into view. It is wielding a +0 club.
The orc hits you with a +0 club.
The orc priest invokes the aid of Beogh against you.
Pain shoots through your body!
Sorry, you're not good enough to have a special ability.
Unknown command.
Unknown command.
Aiming: Paralyse
Press: ? - help, Shift-Dir - straight line, f - orc priest
Aim: an orc priest, wielding a +0 club (chance to affect: 69%)
The orc priest suddenly stops moving!
The orc barely misses you.
The helpless orc priest fails to defend itself.
You sock the orc priest!
The orc priest is heavily wounded.
A frilled lizard comes into view.
The orc closely misses you.
The helpless orc priest fails to defend itself.
You hit the orc priest.
The frilled lizard hisses angrily.
You bite the orc priest.
The orc priest is severely wounded.
The frilled lizard hisses.
The orc barely misses you. The orc hits you with a +0 mace.
The helpless orc priest fails to defend itself.
You hit the orc priest.
The orc priest is almost dead.
The orc hits you with a +0 club. The orc hits you with a +0 mace.
The helpless orc priest fails to defend itself.
You sock the orc priest!
You kill the orc priest!
The orc hits you with a +0 mace.
* * * LOW HITPOINT WARNING * * *
The orc hits you with a +0 club.
* * * LOW HITPOINT WARNING * * *
The orc hits you with a +0 club.
You die...

................
#.................
#................#
##..?.....##).....# ...#
#..###.......
##.###............
##...........#..##.
.##.##o.o#.##...........
.....o)@.†.....########.
.##...###..##### ##
...l. #### # .... ... ..
#


You could see 3 orcs and a frilled lizard.

Vanquished Creatures
  An orc priest (D:3)
  3 adders
  A worm (D:2)
  4 dart slugs
  4 orcs (D:3)
  6 bats
  3 endoplasms
  3 giant cockroaches
  5 hobgoblins
  A kobold (D:1)
  5 ball pythons
  3 frilled lizards (D:1)
  7 goblins
  6 rats
52 creatures vanquished.

Notes
Turn   | Place    | Note
-------+----------+-------------------------------------------
     0 | D:1      | Godmorgon the Gnoll Wanderer began the quest for the Orb.
     0 | D:1      | Godmorgon set off with the following items: a +0 mace, a
                  | wand of paralysis (14), a +0 helmet, a potion of
                  | invisibility, a +0 robe.
     0 | D:1      | Reached XP level 1. HP: 17/17 MP: 1/1
    18 | D:1      | Found a faded altar of an unknown god.
    66 | D:1      | Reached XP level 2. HP: 11/23 MP: 2/2
   741 | D:1      | Reached XP level 3. HP: 28/28 MP: 3/3
  1305 | D:2      | Reached skill level 1 in Invocations
  1760 | D:2      | Reached skill level 1 in Short Blades
  1760 | D:2      | Reached skill level 1 in Long Blades
  1760 | D:2      | Reached skill level 1 in Axes
  1760 | D:2      | Reached skill level 1 in Polearms
  1760 | D:2      | Reached skill level 1 in Staves
  1760 | D:2      | Reached skill level 1 in Ranged Weapons
  1760 | D:2      | Reached skill level 1 in Dodging
  1760 | D:2      | Reached skill level 1 in Shields
  1760 | D:2      | Reached skill level 1 in Unarmed Combat
  1760 | D:2      | Reached skill level 1 in Spellcasting
  2096 | D:2      | Reached XP level 4. HP: 24/34 MP: 5/5
  2566 | D:3      | Reached skill level 1 in Conjurations
  2566 | D:3      | Reached skill level 1 in Hexes
  2566 | D:3      | Reached skill level 1 in Summonings
  2566 | D:3      | Reached skill level 1 in Necromancy
  2566 | D:3      | Reached skill level 1 in Translocations
  2566 | D:3      | Reached skill level 1 in Transmutations
  2566 | D:3      | Reached skill level 1 in Fire Magic
  2566 | D:3      | Reached skill level 1 in Ice Magic
  2566 | D:3      | Reached skill level 1 in Air Magic
  2566 | D:3      | Reached skill level 1 in Earth Magic
  2566 | D:3      | Reached skill level 1 in Poison Magic
  2721 | D:3      | Slain by an orc

Illustrated notes

Levels and vault maps discovered:
D:1:      reono_arrival_mine, layout_loops_ring,
          hellmonk_ecumenical_altar_arch_garden
D:2:      layout_basic
D:3:      layout_rooms, gup_sewer_entry_bubbles

Skill      XL: |  1  2  3  4 |
---------------+-------------+-----
Invocations    | 1 |  1.3
Short Blades   | 1 |  1.2
Long Blades    | 1 |  1.2
Axes           | 1 |  1.2
Polearms       | 1 |  1.2
Staves         | 1 |  1.2
Ranged Weapons | 1 |  1.2
Dodging        | 1 |  1.2
Shields        | 1 |  1.2
Unarmed Combat | 1 |  1.2
Spellcasting   | 1 |  1.2
Conjurations   | 1 |  1.0
Hexes          | 1 |  1.0
Summonings     | 1 |  1.0
Necromancy     | 1 |  1.0
Translocations | 1 |  1.0
Transmutations | 1 |  1.0
Fire Magic     | 1 |  1.0
Ice Magic      | 1 |  1.0
Air Magic      | 1 |  1.0
Earth Magic    | 1 |  1.0
Poison Magic   | 1 |  1.0
Fighting       | |  2.8
Maces & Flails | |  4.7
Throwing       | |  2.8
Armour         | |  2.8
Stealth        | |  2.6
Evocations     | |  8.6

Action                   |  1- 3 |  4- 6 || total
-------------------------+-------+-------++-------
Melee: Mace              |   124 |    48 ||   172
       Bite              |    14 |     4 ||    18
       Punch             |     1 |     1 ||     2
Evoke: Wand              |     2 |     2 ||     4
 Stab: Sleeping          |    10 |     4 ||    14
       Paralysed         |     4 |     6 ||    10
Armor: Robe              |    30 |     7 ||    37
Dodge: Dodged            |    67 |    21 ||    88
